Cogmind - Beta 10.1 @@@ ROGUE MODE // 2020.10.18 @ 14:21:36 Player: NoNeedToExplain Result: Destroyed by D-53 Grenadier with Mini Grenade Launcher Performance ------------- Evolutions (0) 0 Regions Visited (2) 400 Robots Destroyed (23) 115 Value Destroyed (438) 438 Prototype IDs (0) 0 Alien Tech Used (0) 0 Bonus (2) 2 TOTAL SCORE: 955 Bonus ------- High Alert Combat Kills 2 Cogmind --------- Core Integrity 0/250 Matter 259/300 Energy 272/275 System Corruption 0% Temperature Cool (50) Movement Rolling (100) Ox1 Location -10/Mines Parts ------- > --- POWER (1) -------- Deuterium Engine > --- PROPULSION (2) --- Armored Wheel Armored Wheel > --- UTILITY (2) ------ Large Storage Unit Large Storage Unit > --- WEAPON (2) ------- EM Pulse Gun Minigun > --- INVENTORY (16) --- Ion Engine Aluminum Leg Aluminum Leg Armored Wheel Large Storage Unit High-capacity Matter Pod (186) Sensor Array Signal Interpreter Improved Terrain Scanner Improved Terrain Scan Processor Light Assault Rifle Light Assault Rifle Grenade Launcher Grenade Launcher Hammer Peak State ------------ > --- POWER ------------ Deuterium Engine > --- PROPULSION ------- Armored Wheel Armored Wheel > --- UTILITY ---------- Large Storage Unit Large Storage Unit > --- WEAPON ----------- Light Assault Rifle Minigun > --- INVENTORY -------- Ion Engine Aluminum Leg Aluminum Leg Armored Wheel Heat Sink Large Storage Unit Sensor Array Signal Interpreter Improved Terrain Scanner Improved Terrain Scan Processor EM Pulse Gun EM Pulse Gun Light Assault Rifle Grenade Launcher Grenade Launcher Hammer [Rating: 15] Favorites ----------- Power Light Ion Engine Engine Light Ion Engine Propulsion Armored Wheel Wheel Armored Wheel Utility Large Storage Unit Storage Large Storage Unit Weapon Light Assault Rifle Energy Gun Small Laser Energy Cannon Beam Cannon Ballistic Gun Light Assault Rifle Launcher Grenade Launcher Build | -11 -10 -10 ------- Run | Scr Mat Min Slots Evolved . | . . . Power . | . . . Propulsion . | . . . Utility . | . . . Weapon . | . . . Parts Attached 30 | 7 15 8 Power 3 | 1 1 1 Engine 3 | 1 1 1 Core . | . . . Reactor . | . . . Propulsion 5 | 2 3 . Treads . | . . . Leg . | . . . Wheel 5 | 2 3 . Hover . | . . . Flight . | . . . Utility 7 | 2 5 . Device . | . . . Storage 7 | 2 5 . Processor . | . . . Hackware . | . . . Protection . | . . . Artifact . | . . . Weapon 15 | 2 6 7 Energy Gun 5 | 1 2 2 Energy Cannon 1 | . 1 . Ballistic Gun 7 | 1 3 3 Ballistic Cannon . | . . . Launcher 2 | . . 2 Special Weapon . | . . . Impact Weapon . | . . . Slashing Weapon . | . . . Piercing Weapon . | . . . Special Melee Weapon . | . . . Unidentified Prototypes . | . . . Parts Lost 6 | . 5 1 Power 1 | . 1 . Propulsion 1 | . 1 . Utility . | . . . Weapon 4 | . 3 1 Highest Loss Streak 3 | . 3 1 Average Slot Usage (%) 99 | . 99 100 Engine 14 | . 14 14 Wheel 27 | . 27 28 Storage 28 | . 28 28 Energy Gun 1 | . 2 . Energy Cannon 2 | . 4 . Ballistic Gun 22 | . 20 25 Naked Turns . | . . . Heaviest Build 46 | 13 37 46 Greatest Support 32 | 32 32 24 Greatest Overweight (x) 1 | . 1 1 Average Overweight (x) . | . . 1 Largest Inventory Capacity 16 | 8 16 16 Average Capacity 13 | 5 13 16 Most Carried 16 | 7 16 16 Average Carried 12 | 4 11 15 Final Capacity 16 | 8 16 16 Final Carried 16 | 7 16 15 Class Distribution -------------------- 100% | Mutant Dominant Class ---------------- Mutant | -10/Materials Mutant | -10/Mines Resources | -11 -10 -10 ----------- Run | Scr Mat Min Matter Collected 585 | 272 230 83 Remotely . | . . . Salvage Created 716 | 72 601 43 Parts 45 | 3 33 9 Haulers Intercepted 2 | . 2 . Recyclers Shooed 3 | . 2 1 Parts Field Recycled . | . . . Retrieved Matter . | . . . Parts Self-Destructed . | . . . Prevented . | . . . Kills | -11 -10 -10 ------- Run | Scr Mat Min Combat Hostiles Destroyed 17 | . 13 4 Guns 12 | . 11 1 Cannons 2 | . 2 . AOE 3 | . . 3 Classes Destroyed 7 | 1 4 2 Builder 1 | . . 1 Hauler 2 | . 2 . Recycler 2 | 1 1 . Watcher 1 | . 1 . Swarmer 9 | . 6 3 Grunt 7 | . 7 . Demolisher 1 | . . 1 Best Kill Streak 3 | 1 3 3 Combat Bots Only 3 | . 3 3 Max Kills in Single Turn 2 | 1 1 2 Gunslinging . | . . . Exploded 2 | . . 2 Melee . | . . . Uniques/NPCs Destroyed . | . . . Combat | -11 -10 -10 -------- Run | Scr Mat Min Damage Taken 1228 | . 839 389 Core 272 | . 144 128 Absorbed by Shields . | . . . Core Remaining (%) 100 | 100 . . Volleys Fired 90 | 2 77 11 Largest 2 | 2 2 2 Hottest 90 | 60 90 80 Shots Fired 173 | 4 150 19 Gun 148 | 4 128 16 Cannon 22 | . 22 . Launcher 3 | . . 3 Special . | . . . Kinetic 115 | 2 105 8 Thermal 47 | 2 45 . Explosive 3 | . . 3 Electromagnetic 8 | . . 8 Robot Hit Streak 9 | 3 9 5 Robot Miss Streak 5 | 1 5 1 Penetration Max . | . . . Secondary Targets 1 | . 1 . Max Gunslinging Chain 1 | . 1 . Shots Hit Robots 102 | 3 85 14 Core Hits 43 | 2 33 8 Critical Hits 1 | . 1 . Critical Kills . | . . . Critical Parts Destroyed 1 | . 1 . Melee Attacks . | . . . Impact . | . . . Slashing . | . . . Piercing . | . . . Sneak Attacks . | . . . Combat Hostiles . | . . . Follow-up Attacks . | . . . Damage Inflicted 1303 | 26 816 461 Guns 814 | 26 624 164 Cannons 192 | . 192 . Explosions 273 | . . 273 Melee . | . . . Ramming 24 | . . 24 Kinetic 569 | 15 453 101 Thermal 465 | 11 363 91 Explosive 182 | . . 182 Electromagnetic 63 | . . 63 Impact . | . . . Slashing . | . . . Piercing . | . . . Highest Corruption . | . . . Average Corruption . | . . . Corruption Purged . | . . . Overload Shots . | . . . Overflow Damage 59 | . . 59 Projectiles . | . . . Explosions 59 | . . 59 Melee . | . . . Knockbacks . | . . . Impact . | . . . Kinetic . | . . . Secondary . | . . . Self-Inflicted Damage 81 | . . 81 Shots 3 | . . 3 Rammed 1 | . . 1 Targets Rammed 1 | . . 1 Kicked . | . . . Crushed . | . . . Highest Temperature 280 | 20 280 75 Average Temperature 75 | 15 81 38 Received Heat Transfer 198 | . 198 . Siege Activations . | . . . Robots Corrupted . | . . . Combat Hostiles . | . . . Parts Fried . | . . . Impact Corruptions . | . . . Robots Melted . | . . . Combat Hostiles . | . . . Parts Melted 1 | . 1 . Heat Transferred 993 | 25 818 150 Parts Sabotaged . | . . . Parts Stolen . | . . . Parts Stripped . | . . . Power Chain Reactions 1 | . . 1 Missiles Intercepted . | . . . Alert | -11 -10 -10 ------- Run | Scr Mat Min Peak Influence 401 | 5 401 169 Initial 64 | . 3 64 Average 145 | 1 171 131 Maximum Alert Level 2 | . 2 . Low Security (%) 82 | 100 67 100 Level 1 13 | . 25 . Level 2 3 | . 6 . Level 3 . | . . . Level 4 . | . . . Level 5 . | . . . High Security . | . . . Max Security . | . . . Squads Dispatched 2 | . 2 . Investigation 1 | . 1 . Extermination . | . . . Reinforcement 1 | . 1 . Assault . | . . . Garrison . | . . . Intercept . | . . . Construction Impeded . | . . . Haulers Reinforced . | . . . Stealth | -11 -10 -10 --------- Run | Scr Mat Min Distress Signals 3 | . 3 . Communications Jammed . | . . . Distress Signals . | . . . Times Spotted 29 | . 21 8 Peak Tracking Total 6 | . 6 3 Tactical Retreats 6 | . 4 2 Traps | -11 -10 -10 ------- Run | Scr Mat Min Traps Triggered 1 | . 1 . Indirectly . | . . . Trap Hack Attempts . | . . . Triggered . | . . . Disarmed . | . . . Reprogrammed . | . . . Reused . | . . . Traps Extracted . | . . . Installed . | . . . Triggered . | . . . Machines | -11 -10 -10 ---------- Run | Scr Mat Min Machines Disabled 2 | . 1 1 Max in Single Turn 1 | . 1 1 Machines Sabotaged . | . . . Garrisons Compromised . | . . . Overloaded Fab Kills . | . . . Fab Network Shutdowns . | . . . Hacking | -11 -10 -10 --------- Run | Scr Mat Min Machines Accessed 5 | . 5 . Terminals 5 | . 5 . Fabricators . | . . . Repair Stations . | . . . Recycling Units . | . . . Scanalyzers . | . . . Garrison Access . | . . . Total Hacks 13 | . 13 . Successful 8 | . 8 . Failed 5 | . 5 . Catastrophic . | . . . Database Lockouts . | . . . Manual 7 | . 7 . Terminals 13 | . 13 . Fabricators . | . . . Repair Stations . | . . . Recycling Units . | . . . Scanalyzers . | . . . Garrison Access . | . . . Terminal Hacks 5 | . 5 . Robot Analysis 1 | . 1 . Branch Access Points 1 | . 1 . Terminal Index 1 | . 1 . Unreport Threat 2 | . 2 . Fabricator Hacks . | . . . Repair Station Hacks . | . . . Recycling Unit Hacks . | . . . Scanalyzer . | . . . Garrison Access Hacks . | . . . Unauthorized Hacks 3 | . 3 . Terminals 3 | . 3 . Track 2 | . 2 . Botnet 1 | . 1 . Fabricators . | . . . Repair Stations . | . . . Recycling Units . | . . . Scanalyzers . | . . . Garrison Access . | . . . Data Cores Recovered . | . . . Used . | . . . Hacking Detections 4 | . 4 . Full Trace Events . | . . . Feedback Events . | . . . Feedback Blocked . | . . . Robot Schematics Acquired . | . . . Robots Built . | . . . Matter . | . . . Time . | . . . Total Robot Build Rating . | . . . Part Schematics Acquired . | . . . Parts Built . | . . . Matter . | . . . Time . | . . . Total Part Build Rating . | . . . Parts Repaired . | . . . Time . | . . . Parts Recycled . | . . . Recycled Matter . | . . . Retrieved Matter . | . . . Retrieved Components . | . . . Parts Scanalyzed . | . . . Part Schematics Acquired . | . . . Parts Damaged . | . . . Bothacking | -11 -10 -10 ------------ Run | Scr Mat Min Used RIF Installer . | . . . Robots Hacked . | . . . Non-combat . | . . . Combat . | . . . Robot Hacks Applied . | . . . Relay Couplers Released . | . . . Robots Rewired . | . . . Allies Hacked . | . . . Hacks Repelled . | . . . Allies | -11 -10 -10 -------- Run | Scr Mat Min Total Allies . | . . . Largest Group . | . . . Highest-Rated Group . | . . . Highest-Rated Ally . | . . . Total Orders . | . . . Ally Attacks . | . . . Total Damage . | . . . Kills . | . . . Allies Corrupted . | . . . Allies Melted . | . . . Intel | -11 -10 -10 ------- Run | Scr Mat Min Robot Analysis Total 1 | . 1 . Derelict Logs Recovered 1 | . . 1 Drone Launches . | . . . Drone Recoveries . | . . . Exploration | -11 -10 -10 ------------- Run | Scr Mat Min Turns Passed 1237 | 71 656 510 Spaces Moved 837 | 49 378 410 Core 4 | 4 . . Treads . | . . . Legs . | . . . Wheels 833 | 45 378 410 Hover . | . . . Flight . | . . . Fastest Speed 50 | 50 90 100 Average Speed 99 | 95 99 100 Slowest Speed 100 | 100 100 100 Overloaded Moves . | . . . Propulsion Burnouts . | . . . Robots Hopped . | . . . Cave-ins Triggered . | . . . Exploration Rate (%) 49 | 3 60 84 Regions Visited 2 Branch Regions 1 Pre-discovered Areas 1 | . . 1 Known Exits Taken 1 | . 1 . Unknown Exits Taken 1 | 1 . . Scrap Searched 1 | . . 1 Spaces Dug 4 | . . 4 Terrain Destroyed 20 | . . 20 Melee . | . . . Projectile . | . . . AOE 20 | . . 20 Terrain Rammed . | . . . Walls Destroyed . | . . . Machines Disabled . | . . . Actions | -11 -10 -10 --------- Run | Scr Mat Min Total 1093 | 65 533 495 Wait 73 | 1 20 52 Move 835 | 48 377 410 Hop . | . . . Pick Up 39 | 7 26 6 Fast Attach 10 | 7 2 1 Attach 6 | . 5 1 Detach . | . . . Swap 14 | . 8 6 Drop 25 | . 18 7 Fire 90 | 2 77 11 Melee . | . . . Ram 1 | . . 1 Kick . | . . . Crush . | . . . Escape Stasis . | . . . Rewire . | . . . Trap . | . . . Miscellaneous . | . . . Route ------- -11/Scrapyard -10/Materials (discovered 3 exits: [*Mat] / *Min x2) -10/Mines (discovered 2 exits: [*Mat x2]) History --------- Turn | Location | Event 23 | -11/Scrapyard | Discovered new exit (range 15) 72 | -11/Scrapyard | Entered Materials 199 | -10/Materials | Discovered new exit (range 14) 331 | -10/Materials | Build established: Mutant 428 | -10/Materials | Core integrity fell below 50% 448 | -10/Materials | Discovered new exit (range 8) 538 | -10/Materials | Discovered new exit (range 15) 698 | -10/Materials | Lost 3 parts (1p1n1w) 718 | -10/Materials | Identified exit to Mines 728 | -10/Materials | Entered Mines 742 | -10/Mines | Met a Derelict bent on vengeance 753 | -10/Mines | Discovered new exit (range 8) 754 | -10/Mines | Assembled infested the area 832 | -10/Mines | Discovered new exit (range 8) 1235 | -10/Mines | Core integrity fell below 20% 1238 | -10/Mines | Destroyed by D-53 Grenadier with Mini Grenade Launcher Last Messages --------------- 01216_ U-05 Engineer lays Concrete. 01218_ K-01 Serf collects debris. 01218_ U-05 Engineer lays Concrete. 01222_ K-01 Serf collects debris. 01223_ U-05 Engineer lays Concrete. 01223_ Chain reaction triggered in Lgt. Deuterium Engine. 01223_ Destroyed Welding Torch. 01223_ EM Pulse Gun destroyed. 01223_ Destroyed EM Pulse Gun. 01223_ Destroyed Lgt. Deuterium Engine. 01224_ U-05 Engineer lays Concrete. 01225_ K-01 Serf collects debris. 01226_ U-05 Engineer lays Concrete. 01228_ D-53 Grenadier destroyed. 01228_ U-05 Engineer lays Concrete. 01229_ K-01 Serf collects debris. 01229_ U-05 Engineer lays Concrete. 01233_ The unstable cave ceiling collapses. 01233_ K-01 Serf collects debris. 01233_ U-05 Engineer lays Concrete. Map ----- +----------------------------------------------------+ | ????????????#### ###???# #? | | ????????????# #???##########? | | ?????######## #?????????????? | | ?????# """ #?????????????? | | ?????# ##### """ #?????????????? | | ?????# #???# """ #?????????????? | | ?????# #???# #?????????????? | | ?????# #???########?????????????? | | ?????# #????????????????????????? | | ?????# #????????????????????????? | | ?????# ##############???????????? | | ####?# #####???????? | | ### ## ######## ##??????? | | # ## #??????## ##?????? | | # # ## #???????### ##????? | | # # #### ##????????## ##???? | | # #?## ##????????## ##??? | | # ### ###??????## #??? | | # ## ##????## #??? | | ###### #??? | | ku #??? | | # ##### "" ##?? | | # ##???## #### " # #?? | | # #?????## ##?# ##?? | | #???????###??# #??? | | #?????????????# @d #??? | | ?????????????# #??? | | ???????????# #??? | | #??????????## ##??? | | #???????????## ## ##???? | | ##????????????##?# ##????? | | #######????????????????# #?????? | | #???????????????????????# #?????? | | ????????????????????????# #?????? | | ????????????????????????# $#?????? | | ????????????????????????# #?????? | | ????????????????????????# #?????? | | ????????????????????????# #?????? | | ????????????????????????# #?????? | | ????????????????????????# #?????? | | ????????????????????????# #?????? | | ????????????????????????# ?????? | | ????????????????????????# ?????? | | ????????????????????????### ?????? | | ??????????????????????????? ?????? | | ??????????????????????????? ?????? | | ??????????????????????????? ?????? | | ??????????????????????????? ?????? | | ??????????????????????????? ?????? | | ?????????????????????????????????? | +----------------------------------------------------+ Best States ------------- Heat Dissipation 25 Energy Generation 14 Energy Capacity 275 Matter Stores 300 Matter Capacity 300 Sight Range 16 Terrain Scan Density 10 Evasion (%) 40 Item Schematics ----------------- None Robot Schematics ------------------ None Fabricated ------------ Nothing Alien Tech Used ----------------- None Achievements -------------- None Challenges ------------ None Game ------ Seed NeutrinoDeuteriumBlaster Manual? 0 Play Time 00:19:54 Cumulative 59.8 hours Start 2020.10.18 @ 14:02:12 End 2020.10.18 @ 14:21:36 Sessions 1 Manual Loads 0 Difficulty Rogue Special Mode None Game No. 38 Rogue 38 Adventurer 0 Explorer 0 Win Type - Total 5 Types 5/0/0/0/0/0/0/0/0 Lore% 34 Gallery% 49 Achievement% 45 Wizard Run 0 Options --------- ASCII 0 Keyboard 0 Movement Numpad Keybinds 0 Fullscreen 2 Font 24/Smallcaps Map View 76x50 Tactical HUD 1 Map Filters NONE Filters NONE Steam 1 RUN: 9bfbb2af-6af9-4641-bbe2-abb9b24c1d6c